 Dungeon Crawl Stone Soup version 0.31-a0-986-g5e6e4ef867 (webtiles) character file.

Game seed: 15537066759105925027

490479 Bradai the Bringer of Life (level 25, -22/181 HPs)
             Began as a Djinni Conjurer on Nov 16, 2023.
             Was the Champion of Elyvilon.
             Killed from afar by a white draconian stormcaller (37 damage)
             ... on level 4 of the Depths on Nov 17, 2023.
             The game lasted 05:33:49 (69557 turns).

Bradai the Bringer of Life (Djinni Conjurer)       Turns: 69557, Time: 05:33:50

Health: -22/181    AC: 26    Str: 13    XL:     25   Next: 96%
Gold:   2634       EV: 26    Int: 42    God:    Elyvilon [******] SH: 17 Dex: 12

rFire   + + .        K - staff of cold
rCold   + + .        W - +5 kite shield {reflect}
rNeg    + . .        i - +7 Kryia's mail coat {PotionHeal*2 rC+}
rPois   ∞            a - +2 helmet {Int+3}
rElec   .            S - +0 cloak of the Harp {Rampage Str+5}
rCorr   +            k - +1 pair of gloves
SInv    .            (boots unavailable)
Will    ++...        v - amulet of the acrobat
Stlth   ++           j - +6 ring of intelligence
HPRegen 0.50/turn    U - ring of Xemiel {rC+ rN+ rCorr Int+3}
MPRegen 0.00/turn

%: reflection, acrobat, rampage, infuse magic (-23 HP)
@: acrobatic, flying, hasted, very quick
A: sickness immunity, fire resistance 2, cold vulnerability 1, float, innate
caster, HP casting, extra vitality 1, iridescent scales 1, sense surroundings 1
}: 3/15 runes: serpentine, barnacled, silver
a: Renounce Religion, Purification, Heal Other, Heal Self, Divine Vigour


You were on level 4 of the Depths.
You worshipped Elyvilon.
Elyvilon was exalted by your worship.
You visited 8 branches of the dungeon, and saw 40 of its levels.
You also visited: Trove, Bailey, Ice Cave and Wizlab.

You collected 7361 gold pieces.
You spent 4727 gold pieces at shops.

Inventory:

Hand Weapons
 b - a +7 spectral morningstar
Missiles
 C - 5 throwing nets
Armour
 a - a +2 helmet of intelligence (worn)
 i - the +7 Kryia's mail coat (worn) {PotionHeal*2 rC+}
   (You bought it in a shop on level 2 of the Orcish Mines)

   PotionHeal*2: Potions heal its wearer twice as much.
   rC+:       It protects you from cold.
 k - a +1 pair of gloves (worn)
 m - the +2 cloak of the Gusle {MP-9 Int+4 Slay+5 Stlth+}
   (You found it on level 2 of the Depths)

   Int+4:     It affects your intelligence (+4).
   Slay+5:    It affects your accuracy & damage with ranged weapons and melee
   (+5).
   MP-9:      It affects your magic capacity (-9).
   Stlth+:    It makes you more stealthy.
 S - the +0 cloak of the Harp (worn) {Rampage Str+5}
   (You found it on level 13 of the Dungeon)

   Str+5:     It affects your strength (+5).
   Rampage:   It bestows one free step when moving towards enemies.
 W - a +5 kite shield of reflection (worn)
Magical Staves
 K - a staff of cold (weapon)
 O - a staff of air
Jewellery
 j - a +6 ring of intelligence (left hand)
 o - the ring of Mucoleqi {AC+4 Str+3}
   (You found it on level 2 of the Depths)

   [ring of protection]

   AC+4:      It affects your AC (+4).
   Str+3:     It affects your strength (+3).
 v - an amulet of the acrobat (around neck)
 U - the ring of Xemiel (right hand) {rC+ rN+ rCorr Int+3}
   (You acquired it on level 14 of the Dungeon)

   [ring of resist corrosion]

   Int+3:     It affects your intelligence (+3).
   rC+:       It protects you from cold.
   rN+:       It protects you from negative energy.
   rCorr:     It protects you from acid and corrosion.
 Z - a ring of see invisible
Wands
 l - a wand of acid (21)
 w - a wand of paralysis (32)
 E - a wand of digging (13)
 M - a wand of iceblast (13)
 P - a wand of flame (16)
 R - a wand of mindburst (31)
Scrolls
 e - 9 scrolls of poison
 f - a scroll of brand weapon
 g - 3 scrolls of blinking
 r - 14 scrolls of teleportation
 t - 5 scrolls of immolation
 B - 2 scrolls of butterflies
 I - 6 scrolls of fog
 L - a scroll of silence
 Q - a scroll of revelation
 T - 2 scrolls of fear
Potions
 c - 25 potions of curing
 d - 12 potions of haste
 h - 14 potions of heal wounds
 n - 12 potions of lignification
 p - 7 potions of cancellation
 s - 15 potions of mutation
 u - 11 potions of might
 z - 3 potions of ambrosia
 D - 2 potions of resistance
 G - 2 potions of brilliance
 N - 8 potions of invisibility
Miscellaneous
 y - a lightning rod (4/4)
 A - a phantom mirror


   Skills:
 * Level 16.1 Fighting
 + Level 0.8 Short Blades
 + Level 0.2(1.8) Axes
 + Level 3.0(3.9) Maces & Flails
 + Level 4.1(4.6) Staves
 + Level 14.0 Armour
 + Level 8.8 Dodging
 + Level 6.4 Stealth
 + Level 12.0 Shields
 * Level 20.3 Spellcasting
 * Level 20.3 Conjurations
 * Level 20.3 Hexes
 * Level 20.3 Summonings
 * Level 20.3 Necromancy
 * Level 20.3 Translocations
 * Level 20.3 Transmutations
 * Level 20.3 Fire Magic
 * Level 20.3 Ice Magic
 * Level 20.3 Air Magic
 * Level 20.3 Earth Magic
 * Level 20.3 Poison Magic
 * Level 21.2 Invocations
 + Level 3.0 Evocations


You knew the following spells:

 Your Spells              Type           Power      Damage    Failure   Level
a - Magic Dart            Conj           100%       1d8       0%          1
b - Searing Ray           Conj           100%       2d8       0%          2
c - Dazzling Flash        Conj/Hex       100%       N/A       0%          3
d - Fulminant Prism       Conj/Hex       59%        3d24      0%          4
e - Iskenderun's Mystic   Conj/Tloc      100%       2d19      0%          4
f - Sandblast             Erth           100%       2d20      0%          1
g - Jinxbite              Hex            100%       N/A       0%          2
h - Static Discharge      Conj/Air       100%       3-8/arc   0%          2
i - Animate Armour        Summ/Erth      100%       N/A       0%          4
j - Sticky Flame          Conj/Fire      100%       2d11      0%          4
k - Yara's Violent Unrav  Hex/Tmut       59%        3d22      1%          5
l - Conjure Ball Lightni  Conj/Air       59%        3x3d21    1%          6
m - Bombard               Conj/Erth      59%        9d10      1%          6
n - Death Channel         Necr           59%        N/A       1%          6
o - Orb of Destruction    Conj           59%        9d14      1%          7
p - Ozocubu's Refrigerat  Ice            72%        4d23      1%          7
q - Summon Horrible Thin  Summ           59%        N/A       5%          8
Your spell library was empty.

Dungeon Overview and Level Annotations

Branches:
Dungeon (15/15)            Temple (1/1) D:5            Lair (5/5) D:11
 Shoals (4/4) Lair:3        Snake (4/4) Lair:2        Slime (0/5) Lair:4
    Orc (2/2) D:11            Elf (0/3) Orc:2        Vaults (5/5) D:13
  Crypt (0/3) Vaults:3     Depths (4/4) D:15            Zot (0/5) Depths:4
 Bailey (visited)           IceCv (visited)          WizLab (visited)

Altars:
Ashenzari
Cheibriados
Dithmenos
Elyvilon
Fedhas
Gozag
Hepliaklqana
Makhleb
Nemelex Xobeh
Okawaru
Qazlal
Ru
Trog
Uskayaw
Wu Jian
Xom
Yredelemnul
Zin
The Shining One
Jiyva

Shops:
D:1 *   D:4 ?   D:5 [   D:9 **   Orc:2 *:[*(   Shoals:2 =   Shoals:3 (
Vaults:3 (   Vaults:4 ?   Vaults:5 [!?!:

Portals:
Hell: Depths:1 Depths:2 Depths:3
Abyss: Depths:3
Pandemonium: Depths:2


Innate Abilities, Weirdness & Mutations

You are immune to sickness and miasma.
You are immune to poison.
Your flesh is very heat resistant. (rF++)
You are vulnerable to cold. (rC-)
You float through the air rather than walking.
You learn spells naturally, not from books.
Your magical power is your life essence.
You have superior vitality. (+4 MHP)
You are partially covered in iridescent scales. (AC +2)
You passively map a small area around you.


Message History

The mystic blast hits the shadow dragon!
The shadow dragon is moderately wounded.
The white draconian stormcaller calls down the wrath of Qazlal upon you.
Qazlal smites you!
The white draconian stormcaller breathes frost at you.
The blast of cold hits you! You resist.
* * * LOW HITPOINT WARNING * * *
Unknown command.
Casting: Iskenderun's Mystic Blast (safe; 0% risk of failure)
Confirm with . or Enter, or press ? or * to list all spells.
You erupt in a blast of force!
The mystic blast hits the bone dragon!!
You destroy the bone dragon!
The mystic blast hits the shadow dragon!
The shadow dragon is heavily wounded.
* * * LOW HITPOINT WARNING * * *
Casting: Iskenderun's Mystic Blast (safe; 0% risk of failure)
Confirm with . or Enter, or press ? or * to list all spells.
You erupt in a blast of force!
The mystic blast hits the shadow dragon!
The shadow dragon is heavily wounded.
The shadow dragon is knocked back by the mystic blast.
The shadow dragon collides with the white draconian stormcaller!
The white draconian stormcaller is almost dead.
* * * LOW HITPOINT WARNING * * *
Unknown command.
Blink to where?
Press: ? - help, Dir - move target
Found 17 gold pieces.
As you read the scroll of blinking, it crumbles to dust.
The white draconian stormcaller breathes frost at you.
The blast of cold hits you! You resist.
* * * LOW HITPOINT WARNING * * *
A white draconian stormcaller comes into view.
It is wielding a +0 dagger.
The white draconian stormcaller roars!
The white draconian stormcaller mumbles some strange prayers to Qazlal against you.
Qazlal smites you!
* * * LOW HITPOINT WARNING * * *
The white draconian stormcaller calls down the wrath of Qazlal upon you.
The blast of ice hits you!!! You partially resist.
You die...

, ~~.....#...#...
≈............,. *
~..q#.......#.. ~ ,
..............
#.....#...........#,
#.................. ,
#...#.............. * .
#........##@..## ...
#.#......#.)...#,, ,
....#..............$...
,
...Q.........)..∩......
, ,
#..§..q)...)......., ~
,, #.#......#.....#...,
,#........##...##... ,
#...#..q....... ..
#...............,, ,


You could see 3 draconians.

Vanquished Creatures
  5 dread liches
  3 ancient liches
  Frederick (Vaults:3)
  Bai Suzhen (Vaults:3)
  Vashnia (Snake:2)
  2 golden dragons
  A bone dragon (Depths:4)
  Jory (Vaults:3)
  Norris (Vaults:3)
  The ghost of Sundig the Peltast, an adept GnFi of Okawaru (Vaults:3)
  6 liches
  6 titans (Vaults:5)
  A deep elf master archer (WizLab)
  A kraken (Shoals:2)
  3 sphinxes
  Kirke (D:14)
  5 shadow dragons (Vaults:5)
  5 tengu reavers (Vaults:5)
  Agnes (Snake:2)
  Aizul (Snake:4)
  2 fenstrider witches (WizLab)
  Donald (Orc:2)
  9 nagarajas
  2 storm dragons (Vaults:5)
  5 fire giants
  An emperor scorpion (shapeshifter) (D:15)
  2 iron dragons (Vaults:5)
  6 frost giants
  A deep elf sorcerer (Vaults:5)
  A curse skull (Depths:2)
  17 vault wardens
  A reaper (Depths:1)
  A draconian shifter (Depths:2)
  6 very ugly things
  5 ironbound thunderhulks
  An orc warlord (Orc:1)
  12 stone giants
  A formless jellyfish (Vaults:1)
  2 war gargoyles
  18 ironbound preservers
  3 deep elf demonologists (Depths:2)
  2 deep elf annihilators (Depths:2)
  A red draconian (Depths:4)
  A green draconian (Depths:4)
  Azrael (Orc:2)
  6 dire elephants
  A black draconian (Depths:4)
  An eleionoma (WizLab)
  A spark wasp (Depths:2)
  Snorg (Orc:2)
  A purple draconian (Depths:4)
  6 ettins
  A deep elf death mage (Vaults:5)
  An entropy weaver (shapeshifter) (Vaults:5)
  A merfolk javelineer (Shoals:1)
  2 crystal guardians
  2 fire dragons
  A shambling mangrove (WizLab)
  5 merfolk impalers (Shoals:4)
  A deep elf high priest (Vaults:5)
  12 yaktaur captains
  36 vault guards
  An entropy weaver (Vaults:4)
  A rakshasa (Depths:2)
  Erolcha (Orc:2)
  6 great orbs of eyes
  7 ice dragons
  The ghost of gelatine the Cleaver, a journeyman DsFi of Jiyva (D:12)
  6 hydras
  7 ogre magi
  2 catoblepae
  3 peacekeepers
  A spriggan air mage (Depths:3)
  3 ironbound frosthearts
  2 merfolk avatars
  2 death knights (Vaults:3)
  17 anacondas
  2 anacondas (shapeshifter) (Vaults:5)
  32 two-headed ogres
  A radroach (shapeshifter) (Depths:3)
  20 centaur warriors
  3 merfolk aquamancers
  6 boulder beetles
  3 alligator snapping turtles (Shoals:4)
  2 satyrs (Shoals:4)
  4 death yaks (Lair:1)
  A deep troll shaman (Depths:1)
  Urug (Orc:2)
  A hell hog (Depths:1)
  18 naga warriors
  2 deep troll earth magi
  3 tengu warriors
  A vampire mage (Depths:1)
  A spriggan berserker (Depths:3)
  A shock serpent (shapeshifter) (Vaults:5)
  A deep elf knight (D:13)
  A hell knight (Vaults:5)
  5 shock serpents
  19 naga sharpshooters
  A sun demon (Depths:1)
  2 shadow wraiths
  4 soul eaters
  7 skysharks
  5 iron trolls
  5 skeletal warriors (D:13)
  2 salamander mystics (Snake:3)
  A sea snake (shapeshifter) (Vaults:5)
  8 sea snakes
  A glowing orange brain (Vaults:3)
  A shadow demon (Depths:2)
  9 naga ritualists
  An orb spider (shapeshifter) (Vaults:5)
  6 phantasmal warriors
  10 arcanists
  50 deep trolls
  Pikel (D:8)
  3 deep elf archers
  A deep elf pyromancer (D:12)
  26 ironbound convokers
  35 harpies
  7 lindwurms
  5 orc knights
  11 mana vipers
  A shining eye (shapeshifter) (D:13)
  10 fauns
  8 orc sorcerers
  12 manticores
  2 oklob plants (WizLab)
  4 cyclopes
  2 moths of wrath (D:12)
  6 salamanders
  46 ugly things
  2 ice statues (IceCv)
  6 merfolk sirens
  A smoke demon (Depths:2)
  7 water nymphs
  8 guardian serpents
  20 vault sentinels
  10 cane toads
  13 naga magi
  3 torpor snails
  3 gargoyles
  29 black mambas
  5 freezing wraiths
  A human zombie (Vaults:2)
  33 yaktaurs
  Maggie (D:8)
  4 tengu conjurers
  An unseen horror (D:12)
  3 rime drakes
  10 komodo dragons
  6 wind drakes
  A polar bear (shapeshifter) (D:14)
  A silent spectre (Depths:2)
  5 trolls
  3 meliai (D:13)
  4 hornets (Lair:5)
  4 polar bears (Lair:5)
  20 blink frogs
  9 snapping turtles
  19 merfolk
  A glass eye (Depths:1)
  An ettin zombie (Vaults:2)
  47 slime creatures
  10 dream sheep
  A human skeleton (Vaults:2)
  A shadow (D:11)
  A dire elephant simulacrum (IceCv)
  A culicivora (Vaults:5)
  3 water elementals
  Sigmund (D:2)
  A culicivora (shapeshifter) (Vaults:5)
  4 hogs (D:14)
  2 wraiths
  12 spriggans (Lair:5)
  5 wyverns
  55 yaks
  Eustachio (D:6)
  A basilisk (shapeshifter) (D:14)
  2 steam dragons
  2 fire elementals (Orc:2)
  2 redbacks (Vaults:4)
  2 death yak simulacra (IceCv)
  2 redbacks (shapeshifter)
  14 vampire mosquitoes
  6 wargs
  A glowing shapeshifter zombie (Vaults:2)
  53 nagas
  A naga (shapeshifter) (Depths:3)
  9 water moccasins
  3 hell hounds (Orc:2)
  33 orc warriors
  A sky beast (D:8)
  17 black bears
  32 ogres
  17 wolves (Lair:5)
  5 boggarts (Lair:5)
  3 lemures (D:8)
  8 centaurs
  A kobold brigand (D:7)
  12 bullfrogs
  4 scorpions
  16 killer bees
  10 howler monkeys
  A jelly (D:5)
  5 hounds
  20 orc priests
  2 gnoll boudas
  2 iguanas (D:5)
  17 orc wizards
  19 hell rats
  A polar bear simulacrum (IceCv)
  A wolf simulacrum (IceCv)
  9 gnolls
  11 river rats (Lair:2)
  5 adders
  A shadow imp (D:7)
  2 dart slugs
  A worm (D:5)
  94 orcs
  5 ball pythons
  9 endoplasms
  3 giant cockroaches
  10 goblins
  6 hobgoblins
  6 jackals
  13 kobolds
  14 quokkas
  3 training dummies (Shoals:3)
  4 bats
  4 frilled lizards
  21 rats
  A ball lightning (Orc:2)
  2 fulminant prisms
  2 tentacles (Shoals:2)
1639 creatures vanquished.

Vanquished Creatures (collateral kills)
  A boulder beetle (D:11)
1 creature vanquished.

Vanquished Creatures (others)
  A vault warden (Vaults:1)
  An eleionoma (WizLab)
  3 dire elephants
  2 centaur warriors
  An occultist (Depths:2)
  A deep troll (Vaults:2)
  A lindwurm (Vaults:2)
  A necromancer (Vaults:2)
  4 ironbound convokers
  An ugly thing (Vaults:2)
  A vault sentinel (Vaults:1)
  2 yaktaurs
  A slime creature (Vaults:2)
  A human (Depths:2)
  A steam dragon (D:7)
  46 ball lightnings
  391 fulminant prisms
  A spectral weapon (Shoals:3)
  3 tentacles (Shoals:2)
463 creatures vanquished.

Grand Total: 2103 creatures vanquished

Notes
Turn   | Place    | Note
-------+----------+-------------------------------------------
     0 | D:1      | Bradai the Djinni Conjurer began the quest for the Orb.
     0 | D:1      | Bradai set off with the following spells memorised: Magic
                  | Dart, Searing Ray, Dazzling Flash, Fulminant Prism,
                  | Iskenderun's Mystic Blast.
     0 | D:1      | Reached XP level 1. HP: 15/15 MP: 0/0
    76 | D:1      | Found Xablam's Assorted Antiques.
   146 | D:1      | Reached XP level 2. HP: 21/21 MP: 0/0
   159 | D:1      | Found a faded altar of an unknown god.
   452 | D:1      | Reached XP level 3. HP: 23/25 MP: 0/0
   452 | D:1      | Learned a level 1 spell: Sandblast
  1034 | D:2      | You are sucked into a shaft and drop 1 floor!
  1122 | D:3      | Reached XP level 4. HP: 27/31 MP: 0/0
  1444 | D:2      | Reached XP level 5. HP: 32/35 MP: 0/0
  1444 | D:2      | Learned a level 2 spell: Jinxbite
  1671 | D:2      | Found a white marble altar of Elyvilon.
  1677 | D:2      | Became a worshipper of Elyvilon the Healer
  1741 | D:2      | Noticed Sigmund
  1747 | D:2      | Killed Sigmund
  1748 | D:2      | Reached skill level 1 in Invocations
  1748 | D:2      | Reached XP level 6. HP: 25/40 MP: 0/0
  2056 | D:1      | Bought a scroll labelled BIEHON FOON for 19 gold pieces
  2056 | D:1      | Bought a murky white potion for 17 gold pieces
  2056 | D:1      | Bought an orange potion for 17 gold pieces
  2056 | D:1      | Bought a scroll labelled BIEHON FOON for 19 gold pieces
  2303 | D:4      | Reached skill level 2 in Invocations
  2513 | D:4      | Found Zigecho's Magic Scroll Emporium.
  2517 | D:4      | Bought a scroll of identify for 26 gold pieces
  2517 | D:4      | Bought a scroll of teleportation for 39 gold pieces
  2629 | D:4      | Reached skill level 1 in Fighting
  2629 | D:4      | Reached XP level 7. HP: 41/47 MP: 0/0
  2629 | D:4      | Learned a level 2 spell: Static Discharge
  3119 | D:5      | Entered Level 5 of the Dungeon
  3140 | D:5      | Reached skill level 3 in Invocations
  3173 | D:5      | Found a staircase to the Ecumenical Temple.
  3190 | Temple   | Entered the Ecumenical Temple
  3280 | D:5      | Found a shadowy altar of Dithmenos.
  3284 | D:5      | Found a basalt altar of Yredelemnul.
  3299 | D:5      | Reached * piety under Elyvilon
  3326 | D:5      | Reached XP level 8. HP: 47/55 MP: 0/0
  3568 | D:5      | Reached skill level 5 in Spellcasting
  3568 | D:5      | Reached skill level 5 in Conjurations
  3568 | D:5      | Reached skill level 5 in Hexes
  3568 | D:5      | Reached skill level 5 in Summonings
  3568 | D:5      | Reached skill level 5 in Necromancy
  3568 | D:5      | Reached skill level 5 in Translocations
  3568 | D:5      | Reached skill level 5 in Transmutations
  3568 | D:5      | Reached skill level 5 in Fire Magic
  3568 | D:5      | Reached skill level 5 in Ice Magic
  3568 | D:5      | Reached skill level 5 in Air Magic
  3568 | D:5      | Reached skill level 5 in Earth Magic
  3568 | D:5      | Reached skill level 5 in Poison Magic
  3678 | D:5      | Found Zytud's Armour Emporium.
  4246 | D:6      | Reached skill level 4 in Invocations
  4635 | D:6      | Noticed Eustachio
  4650 | D:6      | Killed Eustachio
  5332 | D:7      | Reached XP level 9. HP: 48/62 MP: 0/0
  5332 | D:7      | Learned a level 4 spell: Animate Armour
  5348 | D:7      | Reached skill level 5 in Invocations
  5631 | D:7      | Reached skill level 5 in Fighting
  5860 | D:7      | Reached ** piety under Elyvilon
  6277 | D:8      | Noticed Maggie
  6285 | D:8      | Killed Maggie
  6297 | D:8      | Reached skill level 6 in Invocations
  6712 | D:8      | Noticed Pikel
  6714 | D:8      | Reached XP level 10. HP: 57/72 MP: 0/0
  6726 | D:8      | Killed Pikel
  7176 | D:9      | Reached skill level 7 in Invocations
  7205 | D:9      | Found Tuevaypa's Specific Store.
  7206 | D:9      | Found Impownoo's General Store.
  7247 | D:9      | Found a flagged portal.
  7344 | Bailey   | Entered a bailey
  7574 | Bailey   | Reached *** piety under Elyvilon
  7925 | Bailey   | Reached skill level 1 in Shields
  8045 | Bailey   | Identified the +1 war axe "Ruepreck" {freeze, rF++ Str-5}
  8047 | Bailey   | Noticed an orc knight
  8054 | Bailey   | Killed an orc knight
  8119 | Bailey   | Reached skill level 10 in Spellcasting
  8119 | Bailey   | Reached skill level 10 in Conjurations
  8119 | Bailey   | Reached skill level 10 in Hexes
  8119 | Bailey   | Reached skill level 10 in Summonings
  8119 | Bailey   | Reached skill level 10 in Necromancy
  8119 | Bailey   | Reached skill level 10 in Translocations
  8119 | Bailey   | Reached skill level 10 in Transmutations
  8119 | Bailey   | Reached skill level 10 in Fire Magic
  8119 | Bailey   | Reached skill level 10 in Ice Magic
  8119 | Bailey   | Reached skill level 10 in Air Magic
  8119 | Bailey   | Reached skill level 10 in Earth Magic
  8119 | Bailey   | Reached skill level 10 in Poison Magic
  8119 | Bailey   | Reached XP level 11. HP: 79/79 MP: 0/0
  8119 | Bailey   | Learned a level 4 spell: Sticky Flame
  8401 | D:9      | Found a stormy altar of Qazlal.
  8600 | D:9      | Found an ornate altar of the Wu Jian Council.
  8601 | D:9      | Found a burning altar of Makhleb.
  8641 | D:9      | Reached skill level 5 in Dodging
  8794 | D:9      | Reached skill level 1 in Maces & Flails
  8800 | D:9      | Reached XP level 12. HP: 68/85 MP: 0/0
  9188 | D:4      | Bought a scroll of immolation for 52 gold pieces
  9188 | D:4      | Bought a scroll of revelation for 97 gold pieces
  9328 | D:10     | Entered Level 10 of the Dungeon
  9394 | D:10     | Reached skill level 5 in Stealth
  9493 | D:10     | Reached skill level 8 in Invocations
 10084 | D:11     | Noticed a two-headed ogre
 10092 | D:11     | Killed a two-headed ogre
 10402 | D:11     | Identified the +0 ring mail of the Thoughtful Dreams {Int+2
                  | Dex+2}
 10470 | D:11     | Reached **** piety under Elyvilon
 10512 | D:11     | Found a staircase to the Orcish Mines.
 10518 | D:11     | Noticed a boulder beetle
 10530 | D:11     | Killed a boulder beetle
 10540 | D:11     | Reached skill level 9 in Invocations
 11013 | D:11     | Found a staircase to the Lair.
 11506 | Lair:1   | Entered Level 1 of the Lair of Beasts
 11509 | Lair:1   | Noticed a death yak
 11514 | Lair:1   | Noticed a death yak
 11515 | Lair:1   | Noticed a death yak
 11649 | Lair:1   | Killed a death yak
 11650 | Lair:1   | Reached XP level 13. HP: 83/94 MP: 0/0
 11650 | Lair:1   | Learned a level 5 spell: Yara's Violent Unravelling
 12204 | Lair:1   | Reached skill level 10 in Invocations
 12335 | Lair:1   | Reached skill level 1 in Armour
 12369 | Lair:1   | Reached skill level 10 in Fighting
 12544 | Lair:1   | Noticed Sonja
 12545 | Lair:1   | Pacified Sonja
 13186 | Lair:2   | Reached ***** piety under Elyvilon
 14292 | Lair:2   | Found a staircase to the Snake Pit.
 14748 | Lair:3   | Identified the +1 ring mail of Dithmenos's Approval {Drain
                  | rPois rF- Str+3}
 14915 | Lair:3   | Found a staircase to the Shoals.
 14922 | Lair:3   | Reached XP level 14. HP: 51/103 MP: 0/0
 15224 | Lair:3   | Reached skill level 11 in Invocations
 16016 | Lair:4   | Reached ****** piety under Elyvilon
 16875 | Lair:4   | Found a viscous altar of Jiyva.
 16875 | Lair:4   | Found a staircase to the Slime Pits.
 16997 | Lair:5   | Entered Level 5 of the Lair of Beasts
 18172 | Lair:5   | Identified the +1 robe of a sewer {+Blink Regen+}
 18378 | Lair:5   | Reached skill level 12 in Invocations
 19789 | D:12     | Reached XP level 15. HP: 87/112 MP: 0/0
 19789 | D:12     | Learned a level 6 spell: Conjure Ball Lightning
 20062 | D:12     | Noticed gelatine's ghost (journeyman DsFi)
 20783 | D:12     | Found a transporter.
 20789 | D:12     | Found a bloodstained altar of Trog.
 20801 | D:12     | Found a transporter.
 21032 | D:12     | Killed gelatine's ghost
 21317 | Orc:1    | Entered Level 1 of the Orcish Mines
 21908 | Orc:1    | Noticed an orc warlord
 22407 | Orc:1    | Killed an orc warlord
 22597 | Orc:1    | Reached skill level 13 in Invocations
 22871 | Orc:2    | Entered Level 2 of the Orcish Mines
 22871 | Orc:2    | Noticed Donald
 22880 | Orc:2    | Noticed Erolcha
 22897 | Orc:2    | Killed Donald
 22900 | Orc:2    | Found a frozen archway.
 22909 | IceCv    | Entered an ice cave
 23132 | IceCv    | Found a transporter.
 23149 | IceCv    | Found a transporter.
 23419 | Orc:2    | Noticed Snorg
 23434 | Orc:2    | Killed Snorg
 23476 | Orc:2    | Killed Erolcha
 23951 | Orc:2    | Found Wovaenn's General Store.
 23959 | Orc:2    | Bought a scroll of identify for 26 gold pieces
 23959 | Orc:2    | Bought a scroll of identify for 26 gold pieces
 23959 | Orc:2    | Bought a scroll of identify for 26 gold pieces
 23959 | Orc:2    | Bought a scroll of identify for 26 gold pieces
 24305 | Orc:2    | Reached XP level 16. HP: 53/121 MP: 0/0
 24793 | Orc:2    | Noticed Azrael
 24798 | Orc:2    | Elyvilon protects you from harm!
 25031 | Orc:2    | Killed Azrael
 25033 | Orc:2    | Noticed Urug
 25039 | Orc:2    | Killed Urug
 25547 | Orc:2    | Found a staircase to the Elven Halls.
 25571 | Orc:2    | Found Datteff's Weapon Shoppe.
 25571 | Orc:2    | Found Vudghecoo's Assorted Antiques.
 25572 | Orc:2    | Found Ruydded's Antique Armour Shop.
 25572 | Orc:2    | Found Kuips's Book Emporium.
 25614 | Orc:2    | Bought the +7 Kryia's mail coat {PotionHeal*2 rC+} for 1560
                  | gold pieces
 25614 | Orc:2    | Found the +7 Kryia's mail coat {PotionHeal*2 rC+}
 25991 | Snake:1  | Entered Level 1 of the Snake Pit
 26250 | Snake:1  | Reached skill level 14 in Invocations
 26668 | Snake:1  | Reached skill level 5 in Armour
 26678 | Snake:1  | Reached skill level 1 in Staves
 27415 | Snake:1  | Reached skill level 5 in Shields
 27671 | Snake:2  | Noticed Vashnia
 27744 | Snake:2  | Killed Vashnia
 27977 | Snake:2  | Reached XP level 17. HP: 64/127 MP: 0/0
 27977 | Snake:2  | Learned a level 6 spell: Bombard
 28616 | Snake:2  | Noticed Agnes
 28677 | Snake:2  | Killed Agnes
 30283 | Snake:3  | Reached skill level 15 in Invocations
 31746 | Snake:4  | Entered Level 4 of the Snake Pit
 33261 | Snake:4  | Identified the serpent talisman of Yredelemnul's Respect
                  | {rF- Str-3 Int+8 Dex+5}
 33261 | Snake:4  | Noticed Aizul
 33275 | Snake:4  | Killed Aizul
 33406 | Snake:4  | Reached XP level 18. HP: 59/133 MP: 0/0
 33623 | Snake:4  | Reached skill level 15 in Spellcasting
 33623 | Snake:4  | Reached skill level 15 in Conjurations
 33623 | Snake:4  | Reached skill level 15 in Hexes
 33623 | Snake:4  | Reached skill level 15 in Summonings
 33623 | Snake:4  | Reached skill level 15 in Necromancy
 33623 | Snake:4  | Reached skill level 15 in Translocations
 33623 | Snake:4  | Reached skill level 15 in Transmutations
 33623 | Snake:4  | Reached skill level 15 in Fire Magic
 33623 | Snake:4  | Reached skill level 15 in Ice Magic
 33623 | Snake:4  | Reached skill level 15 in Air Magic
 33623 | Snake:4  | Reached skill level 15 in Earth Magic
 33623 | Snake:4  | Reached skill level 15 in Poison Magic
 33994 | Snake:4  | HP: 5/133 [nagaraja/poison arrow (8)]
 34949 | Snake:4  | Reached skill level 16 in Invocations
 35442 | Snake:4  | Got a serpentine rune of Zot
 35789 | Shoals:1 | Entered Level 1 of the Shoals
 36243 | D:13     | Reached skill level 10 in Armour
 36441 | D:13     | Identified the +0 cloak of the Harp {Rampage Str+5}
 36791 | D:13     | Gained mutation: You are dopey. (Int -2) [a shining eye]
 36860 | D:13     | Lost mutation: You are dopey. (Int -2) [potion of mutation]
 36860 | D:13     | Gained mutation: You passively map a small area around you.
                  | [potion of mutation]
 36860 | D:13     | Gained mutation: You are partially covered in iridescent
                  | scales. (AC +2) [potion of mutation]
 37539 | D:13     | Found a gate to the Vaults.
 37747 | D:14     | Identified a scroll of acquirement
 37747 | D:14     | Found a portal to a secret trove of treasure.
 38312 | D:14     | Noticed Kirke
 38318 | D:14     | Reached XP level 19. HP: 130/139 MP: 0/0
 38318 | D:14     | Learned a level 6 spell: Death Channel
 38337 | D:14     | Killed Kirke
 39023 | D:14     | Acquired the ring of Xemiel {rC+ rN+ rCorr Int+3}
 39029 | D:15     | Entered Level 15 of the Dungeon
 40223 | D:15     | Found a staircase to the Depths.
 40435 | Vaults:1 | Entered Level 1 of the Vaults
 41500 | Vaults:1 | Reached skill level 17 in Invocations
 43492 | Vaults:2 | Found a magical portal.
 43497 | WizLab   | Entered Eringya's Formal Garden
 44255 | WizLab   | Reached XP level 20. HP: 111/146 MP: 0/0
 44674 | WizLab   | Found a blossoming altar of Fedhas.
 47109 | Vaults:2 | Reached skill level 18 in Invocations
 48341 | Vaults:2 | Reached XP level 21. HP: 126/151 MP: 0/0
 48341 | Vaults:2 | Learned a level 7 spell: Orb of Destruction
 49101 | D:4      | Bought a scroll of fear for 52 gold pieces
 49101 | D:4      | Bought a scroll of teleportation for 39 gold pieces
 49323 | D:14     | You paid a toll of 5 scrolls of fear to enter a treasure
                  | trove
 49324 | Trove    | Entered a treasure trove
 49413 | Trove    | Reached XP level 22. HP: 158/158 MP: 0/0
 49729 | Vaults:3 | Noticed Bai Suzhen
 49870 | Vaults:3 | Noticed Norris
 49870 | Vaults:3 | Found Loxoim's Weapon Shoppe.
 49880 | Vaults:3 | Killed Norris
 50507 | Vaults:3 | Noticed Frederick
 50523 | Vaults:3 | Noticed Jory
 50529 | Vaults:3 | Killed Frederick
 50535 | Vaults:3 | Elyvilon protects you from harm!
 50537 | Vaults:3 | Killed Jory
 50895 | Vaults:3 | Killed Bai Suzhen
 51231 | Vaults:3 | Identified the serpent talisman of Epric {rElec Str-3 SInv
                  | Stlth+}
 51656 | Vaults:3 | Identified the +5 ring mail of the Beginning {Str+3 Dex+3}
 52465 | Vaults:3 | Found a runed translucent door.
 52465 | Vaults:3 | Noticed Sundig's ghost (adept GnFi)
 52465 | Vaults:3 | Found the +2 cloak of the Thief {*Fog Slay-2 SInv Stlth+}
 52492 | Vaults:3 | Killed Sundig's ghost
 52644 | Vaults:3 | Identified the staff of Calculation {Fragile rC+ MP+9
                  | Stlth+ Tloc Ice}
 52672 | Vaults:3 | Found a staircase to the Crypt.
 53915 | Vaults:4 | Found Areus's Magic Scroll Boutique.
 53922 | Vaults:4 | Bought a scroll of blinking for 135 gold pieces
 53922 | Vaults:4 | Bought a scroll of fear for 72 gold pieces
 53922 | Vaults:4 | Bought a scroll of poison for 72 gold pieces
 53922 | Vaults:4 | Bought a scroll of teleportation for 54 gold pieces
 53922 | Vaults:4 | Bought a scroll of fog for 72 gold pieces
 53922 | Vaults:4 | Bought a scroll of fog for 72 gold pieces
 53944 | Vaults:4 | Reached XP level 23. HP: 113/164 MP: 0/0
 53944 | Vaults:4 | Learned a level 7 spell: Ozocubu's Refrigeration
 54438 | Vaults:4 | Reached skill level 19 in Invocations
 54965 | Vaults:5 | Entered Level 5 of the Vaults
 54973 | Vaults:5 | Reached skill level 10 in Shields
 54986 | Vaults:5 | Noticed an ancient lich
 54994 | Vaults:5 | Killed an ancient lich
 57385 | Shoals:2 | Found Zohasim's Jewellery Emporium.
 57464 | Shoals:2 | Bought a +6 ring of intelligence for 612 gold pieces
 58342 | Shoals:3 | Found Jafuyl's Firing Range.
 59295 | Shoals:4 | Entered Level 4 of the Shoals
 59431 | Shoals:4 | Identified the ring "Zuollezi" {Drain *Slow rCorr EV+5
                  | Dex+8}
 59467 | Shoals:4 | Reached XP level 24. HP: 16/170 MP: 0/0
 60119 | Shoals:4 | Found the +9 staff of Olgreb {rPois∞}
 60696 | Shoals:4 | Got a barnacled rune of Zot
 60748 | Shoals:4 | Identified the amulet "Genki" {Spirit rPois rCorr Str-2
                  | Stlth+}
 61758 | Vaults:5 | Reached skill level 20 in Invocations
 61780 | Vaults:5 | Noticed a dread lich
 62043 | Vaults:5 | Paralysed by a dread lich for 4 turns
 62051 | Vaults:5 | Killed a dread lich
 62816 | Vaults:5 | Found Onlydgho's Magic Scroll Boutique.
 62830 | Vaults:5 | Found Fiokus's Distillery.
 62841 | Vaults:5 | Bought a potion of mutation for 104 gold pieces
 62841 | Vaults:5 | Bought a potion of curing for 39 gold pieces
 62841 | Vaults:5 | Bought a potion of mutation for 104 gold pieces
 62841 | Vaults:5 | Bought a potion of curing for 39 gold pieces
 62841 | Vaults:5 | Bought a potion of heal wounds for 65 gold pieces
 62841 | Vaults:5 | Bought a potion of haste for 130 gold pieces
 63309 | Vaults:5 | Found Qaatteocu's Book Shoppe.
 63309 | Vaults:5 | Noticed an ancient lich
 63325 | Vaults:5 | Killed an ancient lich
 63598 | Vaults:5 | Got a silver rune of Zot
 63907 | Vaults:5 | Noticed a golden dragon
 63910 | Vaults:5 | Noticed a dread lich
 63912 | Vaults:5 | Noticed a dread lich
 63924 | Vaults:5 | Paralysed by a dread lich for 3 turns
 64204 | Vaults:5 | Killed a dread lich
 64205 | Vaults:5 | Reached skill level 15 in Fighting
 64214 | Vaults:5 | Reached XP level 25. HP: 75/171 MP: 0/0
 64214 | Vaults:5 | Learned a level 8 spell: Summon Horrible Things
 64452 | Vaults:5 | Paralysed by a dread lich for 4 turns
 64745 | Vaults:5 | Killed a dread lich
 64753 | Vaults:5 | Noticed a dread lich
 64758 | Vaults:5 | Killed a dread lich
 65195 | Vaults:5 | Found Peismeih's Antique Armour Shop.
 65200 | Vaults:5 | Bought a runed helmet for 360 gold pieces
 65236 | Vaults:5 | Found Cueha's Distillery.
 65241 | Vaults:5 | Bought 2 potions of mutation for 224 gold pieces
 65241 | Vaults:5 | Bought 2 potions of curing for 84 gold pieces
 65241 | Vaults:5 | Bought 2 potions of heal wounds for 140 gold pieces
 65241 | Vaults:5 | Bought a potion of ambrosia for 112 gold pieces
 65241 | Vaults:5 | Bought a potion of mutation for 112 gold pieces
 65241 | Vaults:5 | Bought a potion of curing for 42 gold pieces
 65241 | Vaults:5 | Bought a potion of curing for 42 gold pieces
 65796 | Depths:1 | Entered Level 1 of the Depths
 66413 | Depths:1 | Found a hide-covered altar of Uskayaw.
 66925 | Depths:1 | Found a gateway to Hell.
 68282 | Depths:2 | Found a one-way gate leading to the halls of Pandemonium.
 68437 | Depths:2 | Reached skill level 21 in Invocations
 68585 | Depths:2 | Found a runed door.
 68627 | Depths:2 | Noticed a dread lich
 68630 | Depths:2 | Noticed an ancient lich
 68631 | Depths:2 | Elyvilon protects you from harm!
 68634 | Depths:2 | Killed a dread lich
 68639 | Depths:2 | Killed an ancient lich
 69027 | Depths:2 | Identified the +2 cloak of the Gusle {MP-9 Int+4 Slay+5
                  | Stlth+}
 69031 | Depths:2 | Identified the +3 long sword "Juotihanus" {elec, Str+2
                  | Stlth+}
 69046 | Depths:2 | Identified the +11 war axe of Gaugoci {freeze, *Noise
                  | Str+6}
 69048 | Depths:2 | Identified the ring of Mucoleqi {AC+4 Str+3}
 69050 | Depths:2 | Identified the blade talisman of Qeuteck {Str+3 Int+3}
 69172 | Depths:3 | Identified the "Vuveis"
 69172 | Depths:3 | Found a one-way gate to the infinite horrors of the Abyss.
 69401 | Depths:3 | Identified the maw talisman "Ysouvi Xasim" {+Blink rPois
                  | Int+2 Stlth+}
 69536 | Depths:3 | You are sucked into a shaft and drop 1 floor!
 69536 | Depths:4 | Entered Level 4 of the Depths
 69536 | Depths:4 | Found a gate to the Realm of Zot.
 69557 | Depths:4 | Killed from afar by a white draconian stormcaller

Illustrated notes

Levels and vault maps discovered:
D:1:      nicolae_arrival_somewhat_less_tricky_arrival, layout_basic,
          basic_ecumenical_altar, serial_shops, nicolae_shop_back_alley_shop
D:2:      layout_loops_ring, basic_altar, uniq_sigmund
D:3:      layout_rooms
D:4:      layout_loops_ring, serial_shops, shop
D:5:      layout_loops_ring, grunt_temple_overflow_open,
          minmay_temple_entry_arrows, serial_shops, nicolae_shop_hallway_plus
D:6:      layout_layer_cave, nicolae_water_bricks, mrwooster_statue_mirror,
          uniq_eustachio
D:7:      layout_rooms, lemuel_blue_sif_altar
D:8:      layout_loops_ring, hangedman_abyss_or_decor_clamps, uniq_pikel,
          uniq_maggie
D:9:      layout_loops_cross, chequers_temple_overflow_statue_of_worship,
          enter_bailey_3, nicolae_specific_store
D:10:     layout_roguey, grunt_decor_one_mirror
D:11:     layout_loops_ring, grunt_lair_entry_orc_guard_hut, david_orc_1_choice
D:12:     layout_stronghold, gammafunk_ghost_wrathful_warriors,
          grunt_decor_mini_mirrors
D:13:     layout_gridville, grunt_vaults_entry_fortified
D:14:     layout_basic, enter_trove_1, minmay_misc_feat_roman, uniq_kirke
D:15:     hangedman_depths_entry_try_elsewhere_first, layout_stronghold,
          serial_park_avenue1
Temple:   minmay_freezing_vapour_temple
Lair:1:   layout_misc_corridors, chequers_serial_rivers_micro_e,
          beast_lair_carwin_7, serial_bayou_shore_a, uniq_sonja
Lair:2:   lemuel_ratsnest, layout_regular_city, nicolae_snake_entry_squirm,
          st_stairs_3, serial_bayou_pond_d
Lair:3:   hellmonk_destroyed_diamonds, layout_regular_city,
          elwin_shoals_entry_stream, serial_bayou_shore_b
Lair:4:   layout_regular_city, dpeg_slime_entry_enclosed
Lair:5:   minmay_lair_end_enchanted_forest, layout_cave_shapes
Shoals:1: layout_shoals, nicolae_shoals_the_drawing_of_the_three
Shoals:2: layout_shoals, serial_shops, nicolae_shop_tiny_real_fake_doors,
          nicolae_shoals_land_atoll
Shoals:3: layout_shoals, nicolae_shop_firing_range
Shoals:4: shoals_end_hangedman, layout_shoals
Snake:1:  layout_grid_maze, lemuel_fruit_tree
Snake:2:  kennysheep_six_static_rooms, layout_basic, uniq_vashnia, uniq_agnes
Snake:3:  layout_onion_interference, nicolae_integral_box
Snake:4:  grunt_snake_rune_serpentine_throne, layout_gridlike, uniq_aizul
Orc:1:    layout_diamond_mine, mines2_david
Orc:2:    st_orc_ogre_mass, layout_caves, basic_altar,
          portal_ice_cave_entry_pillars_2, serial_shops, shop,
          nicolae_orc_damp_corner, uniq_azrael, uniq_urug, uniq_donald,
          uniq_erolcha, uniq_snorg
Vaults:1: v_pattern_2, nicolae_vaults_closet_pinwheel_5,
          nicolae_vaults_variable_pillar_hall, nicolae_vaults_tetromino_Z_1,
          hangedman_vaults_stretched_pinwheel,
          nicolae_vaults_security_offices_4, nicolae_vaults_closet_pinwheel_3,
          grunt_vaults_focal, vaults_dpeg_hooks, vaults_room_pools,
          layout_vaults_omnigrid
Vaults:2: infiniplex_enter_wizlab_spiral, v_rooms_1, ontoclasm_vaults_shuriken,
          vaults_mumra_hex, ontoclasm_vaults_chip, nicolae_vaults_stepped_doors,
          nicolae_vaults_windows_and_doors_thing, v_misc_33,
          nicolae_vaults_little_squares_4, nicolae_vaults_hexular_roomagon,
          nicolae_vaults_tetromino_T_2, vaults_room_pools, layout_vaults_omnibox
Vaults:3: gammafunk_ghost_grave, nicolae_vaults_alarming,
          nicolae_vaults_mini_display_case, nicolae_vaults_octothorpe,
          nicolae_vaults_tangram_1, blue_anna_dwarven_crypt, v_misc_27,
          st_smaller_cells, grunt_vaults_funnel, layout_vaults_big_room,
          serial_shops, nicolae_shop_bloodbath_and_beyond, uniq_jory,
          uniq_norris, uniq_frederick, uniq_bai_suzhen
Vaults:4: nicolae_vaults_tetromino_T_2, nicolae_vaults_trapezoid_2, v_misc_26,
          nicolae_vaults_house_3, nicolae_vaults_puzzle_piece,
          vaults_room_fours, nicolae_vaults_wine_cellar,
          nicolae_vaults_frosty_reception, hangedman_vaults_maws,
          grunt_vaults_hallway_short, ontoclasm_vaults_ring_small,
          nicolae_vaults_apartment_1, nicolae_vaults_house_2,
          hangedman_vaults_stretched_pinwheel, layout_vaults_ring, serial_shops,
          nicolae_shop_rolling_square
Vaults:5
Depths:1: layout_basic, kennysheep_flooded_box, hellmouth_1,
          hangedman_glass_teeth, nicolae_uskayaw_murder_on_the_dancefloor,
          grunt_megastairs_2
Depths:2: evilmike_wizard_prison, layout_basic, grunt_pan_entry_sceptre,
          grunt_hell_entry_dis_grunt, lemuel_flamethrower_3,
          serial_bayou_shore_b, infiniplex_staircase_pool_1,
          kennysheep_random_hallway
Depths:3: kennysheep_four_of_diamonds, layout_cave_pools, enter_ziggurat_b,
          serial_sigils_hangedman_writhe, abyss_entry_glasseish,
          hangedman_tar_grid_catacomb, minmay_misc_feat_columns, abandoned_shop,
          infiniplex_staircase_zigzag_5
Depths:4: evilmike_zot_entry_argh, layout_cave_pools,
          pdpol_wu_jian_five_deadly_venoms, hangedman_coc_ice_floe,
          nicolae_ru_the_path_less_chosen

Skill      XL: |  1  2  3  4  5  6  7  8  9 10 11 12 13 14 15 16 17 18 19 20 21 22 23 24 25 |
---------------+----------------------------------------------------------------------------+-----
Stealth        | 2 3 4 5 6 |  6.4
Dodging        | 3 4 5 6 7 8 |  8.8
Spellcasting   | 4 5 6 10 11 12 13 14 15 16 17 18 19 20 | 20.3
Conjurations   | 4 5 6 10 11 12 13 14 15 16 17 18 19 20 | 20.3
Hexes          | 4 5 6 10 11 12 13 14 15 16 17 18 19 20 | 20.3
Summonings     | 4 5 6 10 11 12 13 14 15 16 17 18 19 20 | 20.3
Necromancy     | 4 5 6 10 11 12 13 14 15 16 17 18 19 20 | 20.3
Translocations | 4 5 6 10 11 12 13 14 15 16 17 18 19 20 | 20.3
Transmutations | 4 5 6 10 11 12 13 14 15 16 17 18 19 20 | 20.3
Fire Magic     | 4 5 6 10 11 12 13 14 15 16 17 18 19 20 | 20.3
Ice Magic      | 4 5 6 10 11 12 13 14 15 16 17 18 19 20 | 20.3
Air Magic      | 4 5 6 10 11 12 13 14 15 16 17 18 19 20 | 20.3
Earth Magic    | 4 5 6 10 11 12 13 14 15 16 17 18 19 20 | 20.3
Poison Magic   | 4 5 6 10 11 12 13 14 15 16 17 18 19 20 | 20.3
Invocations    | 1 2 3 4 6 7 9 10 12 13 14 15 16 17 18 19 20 21 | 21.2
Fighting       | 1 2 4 5 7 9 10 12 13 14 15 16 | 16.1
Shields        | 1 2 3 5 6 7 9 11 12 | 12.0
Maces & Flails | 1 2 3 |  3.0
Armour         | 2 3 6 9 10 12 13 14 | 14.0
Staves         | 1 3 4 |  4.1
Evocations     | 3 |  3.0
Short Blades   | |  0.8
Axes           | |  0.2

Action                     |  1- 3 |  4- 6 |  7- 9 | 10-12 | 13-15 | 16-18 | 19-21 | 22-24 | 25-27 || total
---------------------------+-------+-------+-------+-------+-------+-------+-------+-------+-------++-------
  Melee: Flail             |       |       |     3 |     8 |       |       |       |       |       ||    11
         Punch             |       |       |     1 |       |       |       |       |       |       ||     1
         Dagger            |       |       |       |     4 |    36 |       |       |       |       ||    40
         Staff             |       |       |       |       |     3 |    71 |   231 |    55 |     3 ||   363
         Trident           |       |       |       |       |     3 |       |       |       |       ||     3
         Lajatang          |       |       |       |       |       |     3 |       |       |       ||     3
         Unarmed           |       |       |       |       |       |       |    10 |       |       ||    10
         Morningstar       |       |       |       |       |       |       |    18 |    17 |    24 ||    59
         Hand axe          |       |       |       |       |       |       |     7 |       |       ||     7
   Cast: Magic Dart        |    44 |    61 |   176 |    89 |   417 |   206 |    14 |    19 |     2 ||  1028
         Searing Ray       |     3 |     7 |    28 |    32 |    42 |    33 |       |       |       ||   145
         Sandblast         |     2 |       |       |       |       |     1 |       |       |       ||     3
         Iskenderun's Myst |       |       |     8 |    60 |   240 |   312 |   138 |   235 |    46 ||  1039
         Static Discharge  |       |       |     2 |       |       |    11 |    27 |       |       ||    40
         Fulminant Prism   |       |       |     6 |    33 |   147 |   136 |    56 |    14 |     1 ||   393
         Sticky Flame      |       |       |       |     2 |    21 |    65 |    98 |    23 |     2 ||   211
         Dazzling Flash    |       |       |       |     1 |       |       |       |       |       ||     1
         Animate Armour    |       |       |       |     1 |       |       |       |       |       ||     1
         Conjure Ball Ligh |       |       |       |       |     4 |     8 |     6 |       |       ||    18
         Yara's Violent Un |       |       |       |       |     1 |     7 |     1 |    19 |     2 ||    30
         Bombard           |       |       |       |       |       |    20 |    14 |     3 |    43 ||    80
         Jinxbite          |       |       |       |       |       |     1 |       |     1 |       ||     2
         Orb of Destructio |       |       |       |       |       |       |     8 |   174 |    53 ||   235
         Ozocubu's Refrige |       |       |       |       |       |       |       |   140 |    59 ||   199
 Invoke: Heal Other        |       |       |       |     2 |     4 |    15 |    57 |       |     1 ||    79
         Heal Self         |       |       |       |       |     2 |     1 |     1 |     2 |       ||     6
         Divine Vigour     |       |       |       |       |       |     1 |       |       |       ||     1
  Evoke: Wand              |       |       |       |     1 |     3 |     3 |       |       |       ||     7
         Phantom mirror    |       |       |       |       |     1 |     1 |       |     1 |       ||     3
    Use: Scroll            |       |     7 |     6 |     6 |    20 |     2 |     2 |    15 |     1 ||    59
         Potion            |       |       |       |     1 |    11 |     5 |     6 |    10 |     2 ||    35
   Stab: Sleeping          |       |       |     2 |     5 |     4 |       |     1 |       |       ||    12
         Petrified         |       |       |       |       |       |     1 |     6 |       |       ||     7
         Distracted        |       |       |       |       |       |       |     1 |     1 |     1 ||     3
 Armour: Robe              |     3 |     8 |    45 |    52 |       |       |       |       |       ||   108
         Leather armour    |       |       |       |       |   145 |     8 |       |       |       ||   153
         Scale mail        |       |       |       |       |       |   400 |   534 |   227 |    55 ||  1216
         Skin              |       |       |       |       |       |       |     7 |       |       ||     7
  Dodge: Dodged            |     1 |    11 |    25 |    59 |    86 |   125 |   199 |   100 |    12 ||   618
  Block: Buckler           |       |       |    10 |    24 |    37 |    98 |   183 |       |       ||   352
         Kite shield       |       |       |       |       |       |       |       |   174 |    16 ||   190
         Reflection        |       |       |       |       |       |       |       |    39 |     3 ||    42

Table legend: (Time is in decaauts)
 A = Elapsed time spent in this place.
 B = Non-inter-level travel time spent in this place.
 C = Inter-level travel time spent in this place.
 D = Time resting spent in this place.
 E = Time spent auto-exploring this place.
 F = Levels seen in this place.
 G = Mean time per level.
                   A        B        C        D        E       F      G
               +--------+--------+--------+--------+--------+-----+--------+
         Total |  69634 |  65868 |   3766 |   9962 |  46582 |  44 | 1582.6 |
       Dungeon |  17720 |  15752 |   1968 |    418 |  13028 |  15 | 1181.3 |
        Temple |     58 |     58 |      0 |     57 |      0 |   1 |   58.0 |
          Lair |   8890 |   8332 |    558 |   1028 |   6320 |   5 | 1778.0 |
        Shoals |   5410 |   5198 |    212 |    316 |   4404 |   4 | 1352.5 |
     Snake Pit |   9715 |   9559 |    156 |   1412 |   6880 |   4 | 2428.8 |
  Orcish Mines |   3780 |   3663 |    117 |    931 |   2093 |   2 | 1890.0 |
        Vaults |  17288 |  16542 |    746 |   3835 |  10264 |   5 | 3457.6 |
        Depths |   3745 |   3738 |      7 |    375 |   2895 |   4 |  936.2 |
         Trove |     91 |     91 |      0 |      0 |      0 |   1 |   91.0 |
        Bailey |    911 |    911 |      0 |    588 |    112 |   1 |  911.0 |
      Ice Cave |    464 |    464 |      0 |    196 |    199 |   1 |  464.0 |
        Wizlab |   1556 |   1556 |      0 |    805 |    386 |   1 | 1556.0 |
               +--------+--------+--------+--------+--------+-----+--------+

Top non-repeatable levels by time:
Vaults:4: 4157 daAuts
Vaults:2: 3728 daAuts
 Snake:4: 3638 daAuts
Vaults:3: 3558 daAuts
Vaults:1: 3244 daAuts
Vaults:5: 2599 daAuts
 Snake:3: 2309 daAuts
  Lair:5: 2217 daAuts
 Snake:2: 2138 daAuts
   Orc:1: 2020 daAuts
    D:11: 1895 daAuts
    D:13: 1883 daAuts
Depths:2: 1849 daAuts
Shoals:3: 1799 daAuts
  Lair:2: 1781 daAuts
